Selects Airborne Battlegroup
Construct Weapon Support Center
Construct Medical Station
Mechanized Support Center
Selects Paratrooper Squad Paradrop
Paratrooper Squad Paradrop
Paratrooper Squad Paradrop
Paratrooper Squad Paradrop
Selects Anti-tank Gun Team Paradrop
Selects Paradrop Reinforcements
Improved M9 Bazooka Rockets
Designate Forward Repair Station
M4A1(76) Sherman Medium Tank
Selects Carpet Bombing Run
M4A1(76) Sherman Medium Tank
Designate Forward Repair Station
M4A1(76) Sherman Medium Tank
Designate Forward Repair Station
Paratrooper Squad Paradrop